[Event "ESTCC 65 2019"]
[Site "Mali Losinj"]
[Date "2019.09.20"]
[Round "3.19"]
[White "Mueller, Gerhard"]
[Black "Cassidy, Sydney"]
[Result "1-0"]
[ECO "B80"]
[WhiteElo "2104"]
[BlackElo "1599"]
[Annotator "NA"]
[PlyCount "72"]
[EventDate "2019.09.18"]
[EventType "team-tourn"]
[EventCountry "CRO"]
[SourceTitle "playchess.com"]
[Source "ChessBase"]
[SourceQuality "1"]
[WhiteTeam "Germany"]
[BlackTeam "Ireland"]
[WhiteTeamCountry "GER"]
[BlackTeamCountry "IRL"]
[TimeControl "40/5400+30:1800+30"]

1. e4 c5 2. Nf3 d6 3. d4 cxd4 4. Nxd4 Nf6 5. Nc3 a6 6. f3 e6 7. Be3 Be7 8. Qd2 Bd7 9. O-O-O Nc6 10. g4 Nxd4 11. Qxd4 O-O 12. h4 Bc6 13. h5 Ne8 14. f4 h6 15. Qd2 b5 16. Bd3 b4 17. Ne2 Qa5 18. Kb1 Nf6 19. g5 hxg5 20. fxg5 Nxe4 21. Bxe4 Bxe4 22. Rh4 Bd5 23. b3 Bf3 24. Re1 Bxe2 25. Rxe2 Rab8 26. Rg4 Rb5 27. Reg2 Rd5 28. Qe1 Rb8 29. Bd4 Bxg5 30. Qg1 Rbb5 31. Qh1 Rf5 32. Rg1 f6 33. h6 Kh7 34. hxg7+ Kxg7 35. Rh4 Kf7 36. Rh7+ Ke8 1-0

[Event "ESTCC 65 2019"]
[Site "Mali Losinj"]
[Date "2019.09.20"]
[Round "3.20"]
[White "Durkan, Joe"]
[Black "Thoele, Wolfgang"]
[Result "0-1"]
[ECO "B22"]
[WhiteElo "1459"]
[BlackElo "1865"]
[Annotator "NA"]
[PlyCount "80"]
[EventDate "2019.09.18"]
[EventType "team-tourn"]
[EventCountry "CRO"]
[SourceTitle "playchess.com"]
[Source "ChessBase"]
[SourceQuality "1"]
[WhiteTeam "Ireland"]
[BlackTeam "Germany"]
[WhiteTeamCountry "IRL"]
[BlackTeamCountry "GER"]
[TimeControl "40/5400+30:1800+30"]

1. e4 c5 2. c3 d5 3. exd5 Qxd5 4. Nf3 Nc6 5. Be2 e5 6. d3 Bf5 7. O-O O-O-O 8. Ng5 Bg6 9. Na3 h6 10. Ne4 Bxe4 11. dxe4 Qxe4 12. Qe1 Be7 13. Be3 Nf6 14. Bf3 Qa4 15. Bd1 Qa5 16. Nc4 Qc7 17. h3 Nd5 18. Bf3 f5 19. Bh5 f4 20. Bd2 Nb6 21. Bg4+ Kb8 22. Nxb6 Qxb6 23. Bf3 Bf6 24. a4 Rd6 25. Rb1 Rhd8 26. Bc1 Qb3 27. Qe4 Na5 28. Be2 c4 29. Bxf4 exf4 30. Qxf4 Nc6 31. Bxc4 Qxa4 32. Rbd1 Be5 33. Ra1 Bxf4 34. Rxa4 Be5 35. Be2 Rd2 36. Bf3 Rxb2 37. Rfa1 Bxc3 38. Bxc6 bxc6 39. Rxa7 Rb7 40. Ra8+ Kc7 0-1

[Event "ESTCC 65 2019"]
[Site "Mali Losinj"]
[Date "2019.09.20"]
[Round "3.21"]
[White "Quinn, John M"]
[Black "Singer, Hans"]
[Result "1-0"]
[ECO "D36"]
[WhiteElo "2105"]
[BlackElo "2184"]
[Annotator "NA"]
[PlyCount "55"]
[EventDate "2019.09.18"]
[EventType "team-tourn"]
[EventCountry "CRO"]
[SourceTitle "playchess.com"]
[Source "ChessBase"]
[SourceQuality "1"]
[WhiteTeam "England"]
[BlackTeam "Austria"]
[WhiteTeamCountry "ENG"]
[BlackTeamCountry "AUT"]
[TimeControl "40/5400+30:1800+30"]

1. d4 Nf6 2. c4 e6 3. Nc3 d5 4. cxd5 exd5 5. Bg5 Nbd7 6. e3 c6 7. Bd3 Be7 8. Qc2 O-O 9. Nge2 Re8 10. O-O Nf8 11. f3 g6 12. Rae1 Ne6 13. Bh4 b6 14. Kh1 c5 15. dxc5 bxc5 16. Rd1 Bb7 17. Bb5 Rf8 18. Bc4 Ng4 19. fxg4 Bxh4 20. Bxd5 Qc8 21. Ne4 Bxd5 22. Rxd5 Qb7 23. Rfd1 Rad8 24. N2c3 Rxd5 25. Nxd5 f5 26. Nd6 Qc6 27. gxf5 Qxd6 28. Nf6+ 1-0

[Event "ESTCC 65 2019"]
[Site "Mali Losinj"]
[Date "2019.09.20"]
[Round "3.22"]
[White "Woeber, Friedrich"]
[Black "Hutchinson, Paul A"]
[Result "0-1"]
[ECO "B01"]
[WhiteElo "2126"]
[BlackElo "2124"]
[Annotator "NA"]
[PlyCount "68"]
[EventDate "2019.09.18"]
[EventType "team-tourn"]
[EventCountry "CRO"]
[SourceTitle "playchess.com"]
[Source "ChessBase"]
[SourceQuality "1"]
[WhiteTeam "Austria"]
[BlackTeam "England"]
[WhiteTeamCountry "AUT"]
[BlackTeamCountry "ENG"]
[TimeControl "40/5400+30:1800+30"]

1. e4 d5 2. exd5 Qxd5 3. Nc3 Qa5 4. d4 Nf6 5. Nf3 Bf5 6. Bd2 c6 7. Bc4 e6 8. Qe2 Bb4 9. O-O-O Nd5 10. Nxd5 Bxd2+ 11. Qxd2 Qxd2+ 12. Kxd2 cxd5 13. Bb5+ Ke7 14. Rde1 a6 15. Bd3 Bxd3 16. Kxd3 Nc6 17. c3 b5 18. Ne5 Nxe5+ 19. dxe5 Rac8 20. b3 Rc5 21. Kd4 Rhc8 22. Re3 a5 23. Rc1 R5c7 24. Re2 Ra7 25. Rec2 Rd7 26. Ke3 Rcd8 27. Kd4 f6 28. Re1 Ra7 29. Rce2 f5 30. Rc2 a4 31. Kc5 axb3 32. axb3 d4 33. Kb6 Raa8 34. cxd4 Rdb8+ 0-1

[Event "ESTCC 65 2019"]
[Site "Mali Losinj"]
[Date "2019.09.20"]
[Round "3.23"]
[White "Reuben, Stewart"]
[Black "Titz, Heimo"]
[Result "1-0"]
[ECO "E30"]
[WhiteElo "1983"]
[BlackElo "1971"]
[Annotator "NA"]
[PlyCount "71"]
[EventDate "2019.09.18"]
[EventType "team-tourn"]
[EventCountry "CRO"]
[SourceTitle "playchess.com"]
[Source "ChessBase"]
[SourceQuality "1"]
[WhiteTeam "England"]
[BlackTeam "Austria"]
[WhiteTeamCountry "ENG"]
[BlackTeamCountry "AUT"]
[TimeControl "40/5400+30:1800+30"]

1. d4 Nf6 2. c4 e6 3. Nc3 Bb4 4. Bg5 h6 5. Bh4 g5 6. Bg3 Ne4 7. Qc2 f5 8. Be5 O-O 9. f3 Bxc3+ 10. bxc3 Nf6 11. e3 d6 12. Bg3 Qe8 13. Bd3 Kg7 14. Ne2 Nc6 15. Kd2 Nh5 16. Bf2 e5 17. Ng3 Nxg3 18. Bxg3 exd4 19. exd4 f4 20. Bf2 Qf7 21. Rhe1 Bf5 22. d5 Ne5 23. Bd4 Rae8 24. Bxe5+ Rxe5 25. Rxe5 dxe5 26. Re1 Qg6 27. Rxe5 Bxd3 28. Qxd3 Qxd3+ 29. Kxd3 Rf7 30. c5 Kf8 31. Ke4 Kg7 32. d6 cxd6 33. cxd6 a6 34. Kd5 Kf8 35. Ke6 Ke8 36. Rc5 1-0

[Event "ESTCC 65 2019"]
[Site "Mali Losinj"]
[Date "2019.09.20"]
[Round "3.24"]
[White "Strobel, Ferdinand"]
[Black "Ewart, Brian R"]
[Result "1-0"]
[ECO "A03"]
[WhiteElo "1956"]
[BlackElo "1882"]
[Annotator "NA"]
[PlyCount "41"]
[EventDate "2019.09.18"]
[EventType "team-tourn"]
[EventCountry "CRO"]
[SourceTitle "playchess.com"]
[Source "ChessBase"]
[SourceQuality "1"]
[WhiteTeam "Austria"]
[BlackTeam "England"]
[WhiteTeamCountry "AUT"]
[BlackTeamCountry "ENG"]
[TimeControl "40/5400+30:1800+30"]

1. f4 d5 2. Nf3 c5 3. g3 Nc6 4. Bg2 g6 5. O-O Bg7 6. d3 Nf6 7. Nc3 Bg4 8. Ne5 Be6 9. Nxc6 bxc6 10. Qe1 Qc8 11. Na4 Nd7 12. Qf2 c4 13. dxc4 d4 14. b3 Bf5 15. Bb2 e5 16. e4 dxe3 17. Qxe3 O-O 18. fxe5 Re8 19. Rae1 Nxe5 20. Qc5 Qc7 21. Kh1 1-0

[Event "ESTCC 65 2019"]
[Site "Mali Losinj"]
[Date "2019.09.20"]
[Round "3.25"]
[White "Carlsten, Peter"]
[Black "Kolbak, Jens"]
[Result "1/2-1/2"]
[ECO "C87"]
[WhiteElo "1986"]
[BlackElo "2173"]
[Annotator "NA"]
[PlyCount "42"]
[EventDate "2019.09.18"]
[EventType "team-tourn"]
[EventCountry "CRO"]
[SourceTitle "playchess.com"]
[Source "ChessBase"]
[SourceQuality "1"]
[WhiteTeam "Sweden"]
[BlackTeam "Denmark"]
[WhiteTeamCountry "SWE"]
[BlackTeamCountry "DEN"]
[TimeControl "40/5400+30:1800+30"]

1. e4 e5 2. Nf3 Nc6 3. Bb5 a6 4. Ba4 d6 5. c3 Bd7 6. O-O Nf6 7. Re1 Be7 8. d4 O-O 9. h3 Re8 10. Bc2 Bf8 11. Nbd2 g6 12. Nf1 Bg7 13. Ng3 h6 14. Be3 Qe7 15. d5 Nd8 16. Qd2 Qf8 17. c4 Nh7 18. Nh4 Qe7 19. Nf3 Qf8 20. Nh4 Qe7 21. Nf3 Qf8 1/2-1/2

[Event "ESTCC 65 2019"]
[Site "Mali Losinj"]
[Date "2019.09.20"]
[Round "3.26"]
[White "Olesen, Poul Erik Norgaard"]
[Black "Ahlstrom, Per"]
[Result "1-0"]
[ECO "B07"]
[WhiteElo "1996"]
[BlackElo "1838"]
[Annotator "NA"]
[PlyCount "77"]
[EventDate "2019.09.18"]
[EventType "team-tourn"]
[EventCountry "CRO"]
[SourceTitle "playchess.com"]
[Source "ChessBase"]
[SourceQuality "1"]
[WhiteTeam "Denmark"]
[BlackTeam "Sweden"]
[WhiteTeamCountry "DEN"]
[BlackTeamCountry "SWE"]
[TimeControl "40/5400+30:1800+30"]

1. e4 d6 2. d4 Nf6 3. Nc3 g6 4. h4 Bg7 5. Be2 h5 6. Be3 c6 7. Nh3 b5 8. a3 a6 9. f3 Qc7 10. Qd2 Nbd7 11. Nf2 Bb7 12. f4 c5 13. d5 Rc8 14. Bf3 Nb6 15. Be2 b4 16. Ncd1 a5 17. g3 e6 18. dxe6 Nxe4 19. Bb5+ Kf8 20. Nxe4 Bxe4 21. O-O fxe6 22. axb4 axb4 23. c3 Nd5 24. cxb4 Nxe3 25. Nxe3 Bd4 26. Kh2 d5 27. Bd3 Bxd3 28. Qxd3 Qf7 29. bxc5 Bxb2 30. Rab1 Qf6 31. f5 Kg7 32. fxe6 Qd4 33. Rf7+ Kh6 34. Qe2 Ba3 35. Nxd5 Rxc5 36. Rd1 Qg4 37. Qe3+ g5 38. hxg5+ Kg6 39. Ne7# 1-0

[Event "ESTCC 65 2019"]
[Site "Mali Losinj"]
[Date "2019.09.20"]
[Round "3.27"]
[White "Dalling, Peter"]
[Black "Mortensen, Steen Juul"]
[Result "1/2-1/2"]
[ECO "C45"]
[WhiteElo "1824"]
[BlackElo "1892"]
[Annotator "NA"]
[PlyCount "60"]
[EventDate "2019.09.18"]
[EventType "team-tourn"]
[EventCountry "CRO"]
[SourceTitle "playchess.com"]
[Source "ChessBase"]
[SourceQuality "1"]
[WhiteTeam "Sweden"]
[BlackTeam "Denmark"]
[WhiteTeamCountry "SWE"]
[BlackTeamCountry "DEN"]
[TimeControl "40/5400+30:1800+30"]

1. e4 e5 2. Nf3 Nc6 3. d4 exd4 4. Nxd4 Nf6 5. Bg5 h6 6. Bxf6 Qxf6 7. c3 Bc5 8. Nf3 d6 9. Be2 O-O 10. Nbd2 Re8 11. O-O a6 12. Bd3 Bg4 13. Qc2 b5 14. a3 Rab8 15. b4 Bb6 16. a4 Bxf3 17. Nxf3 Ne5 18. Nxe5 Qxe5 19. axb5 axb5 20. Rfe1 Ra8 21. g3 c6 22. Kg2 g5 23. Rf1 Rxa1 24. Rxa1 d5 25. f3 Kg7 26. Ra6 Rb8 27. exd5 Qxd5 28. Be4 Qe6 29. Qa2 Qxa2+ 30. Rxa2 c5 1/2-1/2

[Event "ESTCC 65 2019"]
[Site "Mali Losinj"]
[Date "2019.09.20"]
[Round "3.28"]
[White "Andersson, Finn"]
[Black "Palsson, Bertil"]
[Result "1-0"]
[ECO "B02"]
[WhiteElo "1771"]
[BlackElo "1784"]
[Annotator "NA"]
[PlyCount "77"]
[EventDate "2019.09.18"]
[EventType "team-tourn"]
[EventCountry "CRO"]
[SourceTitle "playchess.com"]
[Source "ChessBase"]
[SourceQuality "1"]
[WhiteTeam "Denmark"]
[BlackTeam "Sweden"]
[WhiteTeamCountry "DEN"]
[BlackTeamCountry "SWE"]
[TimeControl "40/5400+30:1800+30"]

1. e4 d5 2. exd5 Nf6 3. Nc3 Nxd5 4. Nxd5 Qxd5 5. Qf3 Qxf3 6. Nxf3 c5 7. d4 Bf5 8. c3 cxd4 9. Nxd4 Bd7 10. Bd3 e5 11. Nb5 Na6 12. O-O Bc5 13. b4 Be7 14. f4 exf4 15. Re1 Be6 16. Bxf4 O-O 17. Be4 Rad8 18. Bxb7 Nb8 19. Nd4 Bf6 20. Be5 Bg5 21. Nxe6 fxe6 22. Bd4 Rd7 23. Bf3 Re8 24. b5 Bf6 25. Rad1 e5 26. Bc5 e4 27. Rxd7 Nxd7 28. Bb4 Ne5 29. Bxe4 Kh8 30. Rd1 g6 31. a4 Kg7 32. a5 Nc4 33. Bc6 Re2 34. Bf3 Rc2 35. Rd7+ Kh6 36. Bf8+ Kg5 37. Rd5+ Kf4 38. Bh6+ g5 39. h3 1-0

[Event "ESTCC 65 2019"]
[Site "Mali Losinj"]
[Date "2019.09.20"]
[Round "3.29"]
[White "Vadlja, Stjepan"]
[Black "Karppinen, Martti"]
[Result "1/2-1/2"]
[ECO "D10"]
[WhiteElo "1636"]
[BlackElo "1925"]
[Annotator "NA"]
[PlyCount "176"]
[EventDate "2019.09.18"]
[EventType "team-tourn"]
[EventCountry "CRO"]
[SourceTitle "playchess.com"]
[Source "ChessBase"]
[SourceQuality "1"]
[WhiteTeam "Croatia"]
[BlackTeam "Finland"]
[WhiteTeamCountry "CRO"]
[BlackTeamCountry "FIN"]
[TimeControl "40/5400+30:1800+30"]

1. d4 d5 2. c4 c6 3. e3 Nf6 4. Nc3 g6 5. b3 Bg7 6. Bb2 O-O 7. Be2 Qa5 8. Qd2 Rd8 9. Nf3 Bf5 10. O-O Qc7 11. Rac1 Ne4 12. Qe1 Nxc3 13. Qxc3 Be4 14. Nd2 Qd6 15. f3 Bf5 16. cxd5 cxd5 17. Qc7 Qd7 18. Qxd7 Nxd7 19. Rc7 Rdc8 20. Rfc1 Rxc7 21. Rxc7 Bh6 22. Kf2 a6 23. g4 Be6 24. h4 f6 25. Rxb7 Rc8 26. Bd3 Rb8 27. Bxa6 Rxb7 28. Bxb7 Bf7 29. a4 e6 30. a5 Bf8 31. a6 Bb4 32. Ke2 Be8 33. a7 Nb6 34. a8=Q Nxa8 35. Bxa8 Bb5+ 36. Ke1 h5 37. e4 hxg4 38. fxg4 dxe4 39. Bxe4 Kf7 40. Bf3 f5 41. d5 fxg4 42. dxe6+ Kxe6 43. Bxg4+ Kf7 44. Be2 Bc6 45. Bd4 Bb7 46. Bc4+ Kf8 47. Ke2 Bc8 48. Bf6 Bg4+ 49. Nf3 Ba5 50. Bg5 Kg7 51. Kf2 Bc7 52. Kg2 Bd6 53. Nd4 Bc8 54. Bd5 Bb4 55. Kf3 Bc3 56. Ke3 Bh3 57. Kd3 Be1 58. Ke2 Bc3 59. Ke3 Kh7 60. Ne6 Bb4 61. Kd4 Bf1 62. Bc4 Bh3 63. Nf4 Bf5 64. Be6 Bc2 65. Kc4 Bd6 66. Kc3 Bb1 67. Bc4 Be5+ 68. Kb4 Bd6+ 69. Kb5 Bf5 70. Kc6 Bb4 71. Bd5 Bc2 72. Ne6 Bd3 73. Nf4 Bc2 74. Kd7 Bf5+ 75. Ke8 Kg7 76. Ne6+ Kh7 77. Kf7 Bc3 78. Nf8+ Kh8 79. Bf6+ Bxf6 80. Kxf6 Bc2 81. Nxg6+ Bxg6 82. b4 Be8 83. Bc4 Ba4 84. b5 Bxb5 85. Bxb5 Kh7 86. Be8 Kh8 87. Kg6 Kg8 88. Kf6 Kh8 1/2-1/2

[Event "ESTCC 65 2019"]
[Site "Mali Losinj"]
[Date "2019.09.20"]
[Round "3.31"]
[White "Novak, Stjepan"]
[Black "Virtanen, Esko"]
[Result "1-0"]
[ECO "B01"]
[WhiteElo "1503"]
[BlackElo "1771"]
[Annotator "NA"]
[PlyCount "121"]
[EventDate "2019.09.18"]
[EventType "team-tourn"]
[EventCountry "CRO"]
[SourceTitle "playchess.com"]
[Source "ChessBase"]
[SourceQuality "1"]
[WhiteTeam "Croatia"]
[BlackTeam "Finland"]
[WhiteTeamCountry "CRO"]
[BlackTeamCountry "FIN"]
[TimeControl "40/5400+30:1800+30"]

1. e4 d5 2. Bd3 d4 3. c3 c5 4. Nf3 Nc6 5. O-O e5 6. Qb3 Qc7 7. Bb5 Bd6 8. d3 h6 9. h3 Nf6 10. Na3 a6 11. Bxc6+ Qxc6 12. cxd4 cxd4 13. Nc4 Qc7 14. Bd2 b5 15. Nxd6+ Qxd6 16. Bb4 Qb8 17. Rfc1 a5 18. Bc5 Nd7 19. Qa3 f6 20. Nh4 Nxc5 21. Qxc5 Kf7 22. Qc7+ Kg8 23. Ng6 Kh7 24. Nxh8 Kxh8 25. Rc5 Be6 26. Rac1 Bxa2 27. Qxb8+ Rxb8 28. Rc8+ Rxc8 29. Rxc8+ Kh7 30. Kf1 b4 31. Ra8 Bb3 32. Rxa5 Bc2 33. Ke2 b3 34. g3 Kg6 35. Ra7 h5 36. f4 Kh6 37. Re7 exf4 38. gxf4 h4 39. Rd7 g5 40. Rxd4 gxf4 41. Rd5 Kg6 42. Kf3 f5 43. exf5+ Kg5 44. f6+ Kxf6 45. Kxf4 Ke6 46. Rd8 Ke7 47. Rd4 Bd1 48. Kg5 Ke6 49. Rxh4 Kd5 50. Rf4 Be2 51. d4 Bd3 52. h4 Be4 53. Rxe4 Kxe4 54. d5 Kxd5 55. h5 Kd4 56. h6 Kd3 57. h7 Kc2 58. h8=Q Kc1 59. Kf4 Kc2 60. Qc3+ Kb1 61. Qxb3 1-0

[Event "ESTCC 65 2019"]
[Site "Mali Losinj"]
[Date "2019.09.20"]
[Round "3.32"]
[White "Ristoja, Aulikki"]
[Black "Petanjek, Zvonko"]
[Result "1/2-1/2"]
[ECO "D02"]
[WhiteElo "1558"]
[BlackElo "1650"]
[Annotator "NA"]
[PlyCount "58"]
[EventDate "2019.09.18"]
[EventType "team-tourn"]
[EventCountry "CRO"]
[SourceTitle "playchess.com"]
[Source "ChessBase"]
[SourceQuality "1"]
[WhiteTeam "Finland"]
[BlackTeam "Croatia"]
[WhiteTeamCountry "FIN"]
[BlackTeamCountry "CRO"]
[TimeControl "40/5400+30:1800+30"]

1. d4 d5 2. Bf4 Bf5 3. e3 e6 4. Nf3 h6 5. h4 Bd6 6. Bxd6 Qxd6 7. Nbd2 a6 8. c4 c6 9. c5 Qc7 10. b4 Nd7 11. Nb3 Ngf6 12. Bd3 Bh7 13. Bxh7 Nxh7 14. Qc2 Nhf6 15. Nbd2 O-O 16. O-O Kh8 17. a3 Rfe8 18. e4 dxe4 19. Nxe4 Nxe4 20. Qxe4 Nf6 21. Qe5 Qd7 22. Rad1 Rad8 23. Rfe1 Kg8 24. Qg3 Nh5 25. Qe5 Nf6 26. Qg3 Nh5 27. Qe5 Nf6 28. Qg3 Nh5 29. Qe5 Nf6 1/2-1/2

[Event "ESTCC 65 2019"]
[Site "Mali Losinj"]
[Date "2019.09.21"]
[Round "4.1"]
[White "Rantanen, Yrjo A."]
[Black "Balashov, Yuri S"]
[Result "1-0"]
[ECO "C97"]
[WhiteElo "2309"]
[BlackElo "2466"]
[Annotator "ChessBase"]
[PlyCount "141"]
[EventDate "2019.09.18"]
[EventType "team-tourn"]
[EventCountry "CRO"]
[SourceTitle "playchess.com"]
[Source "ChessBase"]
[SourceQuality "1"]
[WhiteTeam "Finland"]
[BlackTeam "Russia"]
[WhiteTeamCountry "FIN"]
[BlackTeamCountry "RUS"]
[TimeControl "40/5400+30:1800+30"]

1. e4 e5 2. Nf3 Nc6 3. Bb5 a6 4. Ba4 Nf6 5. O-O Be7 6. Re1 b5 7. Bb3 O-O 8. c3 d6 9. h3 Na5 10. Bc2 c5 11. d4 Qc7 12. d5 c4 13. b4 cxb3 14. axb3 Nb7 15. b4 Nd7 16. Bd2 Nb6 17. Na3 Nd8 18. Bd3 Bb7 19. c4 bxc4 20. Nxc4 Nxc4 21. Rc1 Qd7 22. Rxc4 f5 23. Qc2 Bf6 24. Rc7 Qe8 25. Bc4 Rf7 26. Rxf7 Qxf7 27. Ng5 Bxg5 28. Bxg5 f4 29. Be2 Rc8 30. Qa4 h6 31. Bxd8 Rxd8 32. Bg4 Qc7 33. Qa5 Qxa5 34. bxa5 Bc8 35. Rc1 Bd7 36. Rc6 h5 37. Bxd7 Rxd7 38. Rxa6 Kf7 39. h4 Ke7 40. Rb6 Rc7 41. a6 Kd7 42. Kh2 g6 43. f3 Ra7 44. g3 Rc7 45. gxf4 exf4 46. Kh3 Rc3 47. Rb7+ Kc8 48. Kg2 Rc2+ 49. Kf1 Rc3 50. Ke2 Re3+ 51. Kf2 Ra3 52. Rf7 Rxa6 53. Rxf4 Ra2+ 54. Kg3 Ra1 55. Rf7 Kd8 56. Rg7 Ke8 57. Kf4 Rg1 58. Ke3 Rg2 59. Kd3 Kd8 60. f4 Rg4 61. Ke3 Rg3+ 62. Kf2 Rg4 63. Kf3 Ke8 64. e5 dxe5 65. fxe5 Kf8 66. Rh7 Rxh4 67. d6 Rd4 68. Ke3 Rd5 69. Ke4 Rd1 70. d7 h4 71. e6 1-0

[Event "ESTCC 65 2019"]
[Site "Mali Losinj"]
[Date "2019.09.21"]
[Round "4.3"]
[White "Kivimaki, Jaakko"]
[Black "Kalegin, Evgenij"]
[Result "1/2-1/2"]
[ECO "A48"]
[WhiteElo "2195"]
[BlackElo "2435"]
[Annotator "NA"]
[PlyCount "89"]
[EventDate "2019.09.18"]
[EventType "team-tourn"]
[EventCountry "CRO"]
[SourceTitle "playchess.com"]
[Source "ChessBase"]
[SourceQuality "1"]
[WhiteTeam "Finland"]
[BlackTeam "Russia"]
[WhiteTeamCountry "FIN"]
[BlackTeamCountry "RUS"]
[TimeControl "40/5400+30:1800+30"]

1. d4 Nf6 2. Nf3 g6 3. e3 c5 4. c3 b6 5. b4 Bg7 6. a4 O-O 7. Be2 d6 8. O-O Bb7 9. a5 bxa5 10. Rxa5 Nc6 11. Ra4 cxb4 12. cxb4 a6 13. Nc3 Qb6 14. Nd2 Nxb4 15. Nc4 Qc6 16. f3 Nbd5 17. Nxd5 Nxd5 18. Na5 Qd7 19. Bd2 Bc6 20. Nxc6 Qxc6 21. Qa1 e5 22. Rc1 Qd7 23. Ra5 exd4 24. exd4 Ne7 25. Qa4 Qxa4 26. Rxa4 Nf5 27. d5 Bd4+ 28. Kf1 Be3 29. Ke1 Rfb8 30. Bxe3 Nxe3 31. Kf2 Nxd5 32. Rd4 Nb4 33. Rxd6 Rd8 34. Rxd8+ Rxd8 35. Ra1 Rd2 36. Ra5 Nc6 37. Rxa6 Nd4 38. Ra8+ Kg7 39. Re8 Kf6 40. Re4 Ne6 41. Ke3 Rb2 42. h4 h6 43. g3 g5 44. hxg5+ hxg5 45. Bc4 1/2-1/2

[Event "ESTCC 65 2019"]
[Site "Mali Losinj"]
[Date "2019.09.21"]
[Round "4.4"]
[White "Zhelnin, Vladimir V"]
[Black "Vinke, Dietmar"]
[Result "1-0"]
[ECO "B12"]
[WhiteElo "2406"]
[BlackElo "2129"]
[Annotator "NA"]
[PlyCount "89"]
[EventDate "2019.09.18"]
[EventType "team-tourn"]
[EventCountry "CRO"]
[SourceTitle "playchess.com"]
[Source "ChessBase"]
[SourceQuality "1"]
[WhiteTeam "Russia"]
[BlackTeam "Finland"]
[WhiteTeamCountry "RUS"]
[BlackTeamCountry "FIN"]
[TimeControl "40/5400+30:1800+30"]

1. e4 c6 2. d4 d5 3. Nd2 g6 4. Ngf3 Bg7 5. c3 Nh6 6. Bd3 O-O 7. O-O f6 8. Re1 Nf7 9. c4 e6 10. h3 b6 11. Rb1 a5 12. a3 Na6 13. Nf1 Bb7 14. b4 axb4 15. axb4 Nc7 16. b5 cxb5 17. cxd5 exd5 18. e5 Re8 19. Bb2 f5 20. Qb3 Bf8 21. Rbc1 b4 22. Ne3 Ra5 23. Nc2 Qe7 24. Rb1 Bc6 25. Bc1 Bb5 26. Bd2 Bxd3 27. Qxd3 Qd7 28. Bxb4 Bxb4 29. Rxb4 b5 30. Ne3 Nd8 31. Rc1 Nde6 32. Rbb1 Rea8 33. Qc3 Kf7 34. Ng5+ Ke8 35. Nxe6 Nxe6 36. Nc2 Ra4 37. Nb4 Ra3 38. Qd2 Rb8 39. Rc6 Ra4 40. Rd6 Qf7 41. Nxd5 Rb7 42. Nf6+ Ke7 43. d5 Nf4 44. g3 Rd4 45. Qe3 1-0

[Event "ESTCC 65 2019"]
[Site "Mali Losinj"]
[Date "2019.09.21"]
[Round "4.5"]
[White "Renman, Nils-Gustaf"]
[Black "Beilfuss, Wilfried, Dr."]
[Result "0-1"]
[ECO "E15"]
[WhiteElo "2340"]
[BlackElo "2192"]
[Annotator "NA"]
[PlyCount "64"]
[EventDate "2019.09.18"]
[EventType "team-tourn"]
[EventCountry "CRO"]
[SourceTitle "playchess.com"]
[Source "ChessBase"]
[SourceQuality "1"]
[WhiteTeam "SWE"]
[BlackTeam "GER"]
[WhiteTeamCountry "SWE"]
[BlackTeamCountry "GER"]
[TimeControl "40/5400+30:1800+30"]

1. d4 Nf6 2. Nf3 e6 3. c4 b6 4. g3 Ba6 5. Qc2 c5 6. Bg2 Bb7 7. d5 exd5 8. cxd5 Nxd5 9. O-O Be7 10. Rd1 Nc6 11. Qa4 Nf6 12. Nh4 g6 13. Bh6 Bf8 14. Bg5 Be7 15. Qf4 O-O 16. Bh6 Nh5 17. Qd2 Ng7 18. Nc3 d6 19. Nb5 Na5 20. e4 Re8 21. Qf4 Nh5 22. Qc1 Qd7 23. Nxd6 Bxd6 24. Nf5 gxf5 25. Qg5+ Kh8 26. Qxh5 Qe7 27. Qxf5 Qe6 28. Qg5 Rg8 29. Qc1 Be5 30. Bf4 Rad8 31. Bh3 Qe7 32. Qe3 Bd4 0-1

[Event "ESTCC 65 2019"]
[Site "Mali Losinj"]
[Date "2019.09.21"]
[Round "4.6"]
[White "Becker, Norbert"]
[Black "Wahlbom, Magnus"]
[Result "1/2-1/2"]
[ECO "A24"]
[WhiteElo "2131"]
[BlackElo "2255"]
[Annotator "NA"]
[PlyCount "96"]
[EventDate "2019.09.18"]
[EventType "team-tourn"]
[EventCountry "CRO"]
[SourceTitle "playchess.com"]
[Source "ChessBase"]
[SourceQuality "1"]
[WhiteTeam "Germany"]
[BlackTeam "Sweden"]
[WhiteTeamCountry "GER"]
[BlackTeamCountry "SWE"]
[TimeControl "40/5400+30:1800+30"]

1. c4 Nf6 2. g3 g6 3. Bg2 Bg7 4. Nc3 O-O 5. Nf3 d6 6. O-O e5 7. d3 Nbd7 8. Bd2 Nh5 9. b4 h6 10. e4 Kh7 11. Ne1 c6 12. a4 a5 13. bxa5 Rxa5 14. Ra2 Nc5 15. Ne2 Ra6 16. f4 f5 17. Be3 Qe7 18. Bxc5 dxc5 19. fxe5 Qxe5 20. Nf4 Nxf4 21. gxf4 Qd4+ 22. Kh1 Be6 23. Qb3 b5 24. axb5 Rxa2 25. Qxa2 cxb5 26. Qa6 Bc8 27. Qxb5 fxe4 28. Bxe4 Bf5 29. Qb7 Bxe4+ 30. Qxe4 Qxe4+ 31. dxe4 g5 32. Nd3 gxf4 33. Rxf4 Rc8 34. Kg2 Bd4 35. Kf3 Ra8 36. e5 Kg7 37. Ke4 Re8 38. Rf5 Bg1 39. Rf1 Bd4 40. Rb1 Kg6 41. Rb6+ Kg5 42. Kd5 h5 43. e6 Bg1 44. h3 Kf6 45. Rd6 Bh2 46. Rc6 Rd8+ 47. Ke4 Rd4+ 48. Ke3 Bg1+ 1/2-1/2

[Event "ESTCC 65 2019"]
[Site "Mali Losinj"]
[Date "2019.09.21"]
[Round "4.7"]
[White "Malmdin, Nils-Ake"]
[Black "Mueller, Gerhard"]
[Result "1-0"]
[ECO "B50"]
[WhiteElo "2142"]
[BlackElo "2104"]
[Annotator "NA"]
[PlyCount "67"]
[EventDate "2019.09.18"]
[EventType "team-tourn"]
[EventCountry "CRO"]
[SourceTitle "playchess.com"]
[Source "ChessBase"]
[SourceQuality "1"]
[WhiteTeam "Sweden"]
[BlackTeam "Germany"]
[WhiteTeamCountry "SWE"]
[BlackTeamCountry "GER"]
[TimeControl "40/5400+30:1800+30"]

1. e4 c5 2. Nf3 d6 3. Nc3 Nf6 4. e5 dxe5 5. Nxe5 Nbd7 6. d4 e6 7. Bf4 Be7 8. dxc5 Bxc5 9. Qf3 Nxe5 10. Bxe5 O-O 11. Rd1 Qe7 12. Qg3 g6 13. Be2 Nd7 14. Bf4 f6 15. a3 Rf7 16. b4 Bb6 17. Bd6 Qe8 18. Bb5 a6 19. Ba4 Bd8 20. Qf3 Be7 21. O-O Qf8 22. Ne4 Nb6 23. Bxe7 Qxe7 24. Bb3 Kg7 25. Rfe1 Rf8 26. Rd6 Nd5 27. Qg3 f5 28. Qe5+ Nf6 29. Nc5 Rd8 30. Nxe6+ Bxe6 31. Rxe6 Qf8 32. Re7+ Kh8 33. Rf7 Qd6 34. Qxf6+ 1-0